 Dungeon Crawl Stone Soup version 0.20.1-1-g8b1a95d (webtiles) character file.

84 Fisto the Magician (level 4, -2/24 HPs)
             Began as a Deep Elf Wizard on Nov 15, 2017.
             Slain by Fisto's ghost (12 damage)
             ... on level 3 of the Dungeon.
             The game lasted 00:24:07 (2763 turns).

Fisto the Magician (Deep Elf Wizard)                Turns: 2763, Time: 00:24:08

Health: -2/24      AC:  3    Str:  4    XL:     4   Next: 23%
Magic:  2/13       EV: 13    Int: 24    God:
Gold:   29         SH:  0    Dex: 13    Spells: 8/14 levels left

rFire    . . .     SeeInvis .   f - +1 short sword
rCold    . . .     Gourm    .   (no shield)
rNeg     . . .     Faith    .   a - +0 robe
rPois    .         Spirit   .   b - +0 hat
rElec    .         Reflect  .   (no cloak)
rCorr    .         Harm     .   (no gloves)
MR       .....     Rnd*Tele +   g - +0 pair of boots
Stlth    ++........             (no amulet)
Regen    0.1/turn               l - ring of teleportation (curse)
MPRegen  0.2/turn               (no ring)

@: very slightly contaminated
A: no striking features
a: no special abilities


You were on level 3 of the Dungeon.
You were not hungry.

You visited 1 branch of the dungeon, and saw 4 of its levels.

You collected 29 gold pieces.

Inventory:

Hand Weapons
 f - a +1 short sword (weapon)
 i - a +0 dagger of venom
Missiles
 k - 33 sling bullets
Armour
 a - a +0 robe (worn)
 b - a +0 hat (worn)
 g - a +0 pair of boots (worn)
Jewellery
 l - a cursed ring of teleportation (left hand)
Scrolls
 e - a scroll of identify
Potions
 h - a potion of berserk rage {unknown}
Books
 c - a book of Minor Magic

   Spells                             Type                      Level
   a - Magic Dart                     Conjuration                  1
   b - Blink                          Translocation                2
   c - Call Imp                       Summoning                    2
   d - Slow                           Hexes                        2
   e - Conjure Flame                  Conjuration/Fire             3
   f - Mephitic Cloud                 Conjuration/Poison/Air       3
Comestibles
 d - a bread ration
 j - a chunk of flesh
 m - a royal jelly


   Skills:
 + Level 2.8 Dodging
 + Level 3.0 Stealth
 + Level 5.9 Spellcasting
 + Level 2.4 Conjurations
   Level 1.1 Summonings
 + Level 1.1 Translocations


You had 8 spell levels left.
You knew the following spells:

 Your Spells              Type           Power        Failure   Level  Hunger
a - Magic Dart            Conj           ###.         3%          1    None
b - Blink                 Tloc           N/A          8%          2    None
c - Conjure Flame         Conj/Fire      ##......     14%         3    #......


Dungeon Overview and Level Annotations

Branches:
Dungeon (4/15)             Temple (0/1) D:4

Altars:

Annotations:
D:2 Sigmund
D:3 Fisto's ghost, amateur MiFi
D:4 exclusion: oklob sapling


Message History

Fisto's ghost is lightly damaged.
Casting: Magic Dart
Confirm with . or Enter, or press ? or * to list all spells.
Aiming: Magic Dart
Press: ? - help, Shift-Dir - straight line, f/p - Fisto's ghost
Aim: Fisto's ghost (lightly damaged)
The magic dart hits Fisto's ghost.
Fisto's ghost is lightly damaged.
Fisto's ghost ripples.
Fisto's ghost hits you!
Ouch! That really hurt!
You barely miss Fisto's ghost.
Fisto's ghost is lightly damaged.
Fisto's ghost hits you.
Press: ? - help, v - describe, . - travel
Here: Fisto's ghost (lightly damaged)
The floor.
Fisto's ghost hits you!
Ouch! That really hurt!
You die...

..## ........ #..#### ..W...#
......# .o...# ......# ....#
......# ... ......# #.# ......#
#.#
......#######################.#
...............(@W...........>#
......########.################
......## #.# .......# #.#
.......# #.# ....#...# #.#
###.#.#.# #.# #.#.#.. #.# #.#
#.#


You could see Fisto's ghost.

Vanquished Creatures
  A hound (D:4)
  An adder (D:2)
  An ooze (D:2)
  A dart slug (D:2)
  3 leopard geckos
  2 orcs (D:4)
  A ball python (D:1)
  2 goblins (D:1)
  5 hobgoblins
  A jackal (D:3)
  A quokka (D:2)
  5 bats
  4 frilled lizards
  4 kobolds (D:1)
  6 rats
38 creatures vanquished.

Notes
Turn   | Place    | Note
-------+----------+-------------------------------------------
     0 | D:1      | Fisto the Deep Elf Wizard began the quest for the Orb.
     0 | D:1      | Reached XP level 1. HP: 10/10 MP: 7/7
   214 | D:1      | Reached skill level 5 in Spellcasting
   229 | D:1      | Reached XP level 2. HP: 15/15 MP: 3/10
   630 | D:1      | Learned a level 2 spell: Blink
  1039 | D:2      | Reached XP level 3. HP: 19/19 MP: 8/11
  1149 | D:2      | Noticed Sigmund
  1652 | D:2      | Learned a level 3 spell: Conjure Flame
  1857 | D:3      | Noticed Fisto's ghost (amateur MiFi)
  1945 | D:4      | Reached XP level 4. HP: 8/24 MP: 5/13
  2133 | D:4      | Noticed an ogre
  2143 | D:4      | Found a staircase to the Ecumenical Temple.
  2763 | D:3      | Slain by Fisto's ghost

Skill      XL: |  1  2  3 |
---------------+----------+-----
Spellcasting   | 5 |  5.9
Stealth        | 3 |  3.0
Conjurations   | 2 |  2.4
Dodging        | |  2.8
Summonings     | |  1.1
Translocations | |  1.1

Action                   |  1- 3 |  4- 6 || total
-------------------------+-------+-------++-------
Melee: Unarmed           |     1 |       ||     1
       Short sword       |    13 |     1 ||    14
Throw: Throwing net      |     1 |       ||     1
 Cast: Magic Dart        |    76 |    31 ||   107
       Conjure Flame     |     1 |     2 ||     3
       Blink             |     1 |     1 ||     2
  Use: Scroll            |     6 |     2 ||     8
       Potion            |     3 |       ||     3
 Stab: Sleeping          |     1 |       ||     1
  Eat: Bread ration      |     1 |       ||     1
       Chunk             |       |     1 ||     1
Armor: Robe              |     9 |     1 ||    10
Dodge: Dodged            |    47 |     1 ||    48
